Map: Dead of Night

Players

Odin

  • Race: Protoss Protoss
  • League: Gold
  • Spawn Location: 0:00

SCIILodoss

  • Race: Protoss Protoss
  • Spawn Location: 0:00

VOD

Have the link to the VOD?

Description

Time

  • Played on: Aug. 16, 2018, 3:13 a.m.
  • Length: 26:01
Show
View Real Time Build Order
Export as new Build Order

Odin Protoss 

Build Orders:  

Get SALT Encoding   

  12  0:24  Gateway  
  12  0:48  Pylon  
  12  0:53  Assimilator  
  12  1:06  Probe (Chrono Boost)  
  12  1:07  Assimilator  
  13  1:20  Assimilator, Probe (Chrono Boost)  
  14  1:39  Cybernetics Core  
  14  1:46  Probe (Chrono Boost)  
  15  2:02  Probe (Chrono Boost)  
  16  2:16  Probe (Chrono Boost)  
  17  2:30  Probe (Chrono Boost)  
  18  2:42  Dragoon  
  20  2:59  Dragoon  
  22  3:19  Dragoon  
  24  3:27  Probe (Chrono Boost)  
  25  3:45  Dragoon  
  27  3:51  Probe (Chrono Boost)  
  28  4:49  Dragoon  
  30  4:51  Dragoon x2  
  31  5:00  Probe (Chrono Boost)  
  35  5:13  Probe (Chrono Boost)  
  36  5:27  Probe (Chrono Boost)  
  37  5:41  Probe (Chrono Boost)  
  37  5:44  Stargate  
  38  5:55  Probe (Chrono Boost)  
  38  5:59  Twilight Council  
  39  6:03  Robotics Facility  
  39  6:07  Gateway  
  39  6:09  Probe (Chrono Boost)  
  36  6:23  Probe (Chrono Boost)  
  36  6:25  Dragoon x2  
  41  6:42  Probe (Chrono Boost)  
  42  6:51  Charge  
  42  6:55  Probe (Chrono Boost)  
  43  7:04  Dragoon  
  43  7:09  Probe (Chrono Boost)  
  46  7:20  Templar Archives  
  46  7:23  Probe (Chrono Boost)  
  47  7:37  Probe (Chrono Boost)  
  48  7:44  Dragoon  
  48  7:45  Dragoon x2  
  54  7:51  Probe (Chrono Boost)  
  55  8:05  Probe (Chrono Boost)  
  56  8:19  Probe (Chrono Boost)  
  57  8:25  Psionic Storm, Khaydarin Amulet  
  57  8:28  Singularity Charge  
  57  8:33  Probe (Chrono Boost)  
  58  8:46  Probe (Chrono Boost)  
  59  9:00  Probe (Chrono Boost)  
  60  9:14  Probe (Chrono Boost)  
  61  9:21  Zealot x4  
  61  9:22  Zealot x2  
  61  9:28  Whirlwind, Probe (Chrono Boost)  
  74  10:01  Gateway  
  74  10:05  Gateway  
  74  10:09  Gateway  
  74  10:14  Gateway  
  74  10:15  Gateway  
  74  10:21  Forge  
  74  10:22  Forge  
  74  10:25  Forge  
  66  11:27  Plasma Surge  
  66  12:02  Photon Cannon  
  66  12:05  Photon Cannon x2  
  66  12:10  Photon Cannon  
  66  12:11  Photon Cannon  
  66  12:13  Photon Cannon  
  66  12:16  Photon Cannon  
  66  12:17  Photon Cannon  
  66  12:20  Photon Cannon  
  66  12:27  Photon Cannon x2  
  66  12:29  Trillic Compresion Mesh  
  66  12:32  Protoss Ground Armor Level 1, Protoss Ground Weapons Level 1, Protoss Shields Level 1  
  66  13:08  Photon Cannon  
  66  13:55  High Templar x2  
  66  13:56  High Templar x3  
  66  13:57  High Templar  
  78  14:00  High Templar  
  78  14:04  High Templar  
  82  15:12  High Templar  
  82  15:13  High Templar  
  86  15:20  Zealot x6  
  86  15:21  Zealot  
  86  15:22  Zealot x4  
  86  15:23  Zealot x3  
  114  15:31  Protoss Ground Weapons Level 2  
  114  15:50  Observer  
  114  15:51  Observer  
  116  16:18  High Templar  
  118  16:20  Zealot  
  120  16:38  High Templar  
  120  16:39  Zealot x4  
  130  16:40  Zealot x6  
  130  16:41  Zealot x3  
  148  17:15  Protoss Shields Level 2  
  142  18:00  Archon  
  142  18:08  Zealot  
  142  18:09  Zealot x6  
  150  18:10  Zealot x2  
  150  18:11  Zealot x5  
  156  18:32  Protoss Ground Armor Level 2  
  154  18:54  High Templar  
  154  18:55  High Templar  
  154  18:58  Zealot x2  
  154  18:59  Zealot x6  
  174  19:00  Zealot x2  
  178  21:30  Archon x4  
  178  21:31  Archon  
  178  21:33  Archon  
  174  21:47  High Templar  
  174  21:48  High Templar  
  174  21:49  High Templar x2  
  182  21:50  High Templar x2  
  182  21:51  High Templar x2  
  182  23:08  Immortal  
  182  23:09  Immortal x2  
  194  23:18  Zealot  
  194  23:19  Zealot x2  
  192  24:52  Zealot x4  
Show
View Real Time Build Order
Export as new Build Order

SCIILodoss Protoss 

Build Orders:  

Get SALT Encoding   

  12  0:05  Probe (Chrono Boost)  
  13  0:23  Probe (Chrono Boost)  
  14  0:37  Probe (Chrono Boost)  
  15  0:41  Pylon  
  15  0:50  Assimilator  
  15  0:57  Assimilator  
  15  1:01  Assimilator  
  15  1:05  Probe (Chrono Boost)  
  16  1:19  Probe (Chrono Boost)  
  17  1:31  Gateway  
  17  1:33  Probe (Chrono Boost)  
  18  1:46  Forge  
  18  2:08  Pylon  
  18  2:11  Probe (Chrono Boost)  
  19  2:25  Probe (Chrono Boost)  
  20  2:34  Protoss Ground Weapons Level 1  
  20  2:39  Probe (Chrono Boost)  
  21  2:52  Probe (Chrono Boost)  
  21  2:54  Cybernetics Core  
  22  3:06  Probe (Chrono Boost)  
  23  3:10  Photon Cannon  
  23  3:17  Photon Cannon  
  23  3:26  Photon Cannon  
  23  3:39  Photon Cannon  
  23  3:51  Photon Cannon  
  23  4:14  Centurion  
  23  4:19  Probe (Chrono Boost)  
  26  4:32  Dark Pylon  
  26  4:33  Probe (Chrono Boost)  
  27  4:40  Photon Cannon  
  27  4:47  Probe (Chrono Boost)  
  27  4:49  Photon Cannon  
  28  4:52  Centurion  
  28  4:53  Photon Cannon  
  30  5:01  Probe (Chrono Boost)  
  31  5:14  Protoss Ground Armor Level 1, Probe (Chrono Boost)  
  32  5:28  Pylon, Probe (Chrono Boost)  
  33  5:42  Probe (Chrono Boost)  
  34  5:56  Probe (Chrono Boost)  
  34  5:57  Twilight Council  
  35  6:04  Stargate  
  35  6:07  Stargate  
  35  6:15  Gateway  
  35  6:36  Protoss Air Weapons Level 1  
  35  7:00  Photon Cannon  
  35  7:01  Photon Cannon  
  35  7:20  Photon Cannon  
  35  7:23  Photon Cannon  
  35  7:25  Photon Cannon  
  35  7:26  Photon Cannon  
  35  7:36  Photon Cannon  
  35  7:45  Photon Cannon  
  35  7:46  Photon Cannon  
  35  7:48  Photon Cannon  
  35  7:50  Photon Cannon x2  
  35  7:54  Protoss Shields Level 1  
  35  8:00  Photon Cannon  
  35  8:19  Centurion  
  37  8:20  Centurion  
  37  8:28  Pylon  
  37  8:57  Centurion  
  37  8:58  Stalker  
  41  9:16  Protoss Air Armor Level 1  
  39  9:50  Pylon  
  39  9:56  Void Ray x2  
  47  10:32  Pylon  
  47  10:34  Protoss Ground Weapons Level 2  
  47  10:40  Shadow Charge  
  47  10:52  Fleet Beacon  
  47  10:56  Void Ray x2  
  55  11:02  Dark Shrine  
  55  11:38  Dark Pylon  
  55  11:40  Blink  
  55  11:56  Protoss Air Weapons Level 2  
  55  12:01  Photon Cannon x2  
  55  12:04  Photon Cannon  
  55  12:06  Photon Cannon  
  55  12:08  Photon Cannon  
  55  12:10  Photon Cannon  
  55  12:13  Photon Cannon  
  55  12:15  Photon Cannon  
  55  12:40  Darkcoil  
  55  13:03  Photon Cannon  
  55  13:04  Photon Cannon  
  55  13:19  Pylon  
  55  13:22  Void Ray  
  55  13:23  Void Ray  
  63  13:44  Protoss Ground Armor Level 2  
  63  13:45  Pylon  
  61  14:00  Stalker  
  61  14:03  Stalker  
  63  14:22  Void Ray  
  63  14:23  Void Ray  
  71  14:53  Stalker x2  
  71  14:55  Pylon  
  75  15:02  Prismatic Range  
  75  15:06  Protoss Air Armor Level 2  
  75  15:30  Pylon  
  75  15:33  Pylon  
  75  15:35  Stalker  
  75  15:38  Pylon  
  77  15:41  Pylon  
  77  15:45  Pylon  
  73  16:18  Phase Reactor  
  73  16:32  Shadow Fury  
  73  16:51  Dark Templar  
  73  16:54  Dark Templar, Protoss Ground Weapons Level 3  
  77  17:29  Pylon  
  77  17:46  Dark Templar  
  77  17:49  Dark Templar  
  79  17:54  Pylon  
  75  18:16  Protoss Air Weapons Level 3  
  73  18:29  Void Ray x2  
  79  18:32  Dark Templar Blink  
  79  18:41  Dark Templar  
  81  19:27  Dark Pylon  
  81  19:29  Void Ray  
  85  19:55  Photon Cannon  
  85  19:56  Photon Cannon  
  85  20:00  Photon Cannon  
  85  20:03  Photon Cannon  
  85  20:05  Photon Cannon  
  85  20:12  Void Stasis  
  85  20:34  Protoss Shields Level 2  
  85  21:18  Photon Cannon  
  85  21:20  Photon Cannon  
  85  21:28  Photon Cannon  
  85  21:30  Photon Cannon  
  85  21:35  Photon Cannon  
  85  21:37  Photon Cannon  
  85  21:46  Photon Cannon  
  85  21:48  Photon Cannon x2  
  85  21:53  Dark Templar x2  
  85  21:57  Void Ray x2, Pylon  
  97  22:28  Photon Cannon  
  97  22:31  Photon Cannon  
  97  22:34  Photon Cannon  
  97  22:38  Photon Cannon  
  97  22:42  Photon Cannon  
  97  22:48  Dark Templar x2, Photon Cannon  
  101  22:57  Void Ray  
  105  23:05  Photon Cannon  
  105  23:06  Photon Cannon  
  105  23:21  Photon Cannon  
  105  23:22  Photon Cannon  
  105  23:43  Dark Templar x2  
  109  24:38  Dark Templar x2  
Tags
 
League
Gold
Matchup
Co-op
Replay Pack
Co-op Missions
Add a new tag
Caveats
  • Supply blocks, unpowered buildings, or Contaminate may cause inaccurate times.
  • Supply counts are checked every 10 seconds.